 Dungeon Crawl Stone Soup version 0.18.1-8-gdd0e5ea (console) character file.

718 Kloppie the Slasher (level 7, -5/66 HPs)
             Began as a Minotaur Gladiator on June 5, 2016.
             Was a Follower of Okawaru.
             Splashed by Pikel's acid (11 damage)
             ... on level 5 of the Dungeon.
             The game lasted 00:09:05 (3456 turns).

Kloppie the Slasher (Minotaur Gladiator)            Turns: 3456, Time: 00:09:05

Health: -5/66      AC:  5    Str: 20    XL:     7   Next: 42%
Magic:  7/7        EV: 12    Int:  5    God:    Okawaru [*.....]
Gold:   335        SH:  0    Dex: 12    Spells: 0 memorised, 6 levels left

rFire  . . .     SeeInvis +     a - +1 long sword
rCold  + . .     Gourm    .     t - +0 ring mail
rNeg   . . .     Faith    .     (no shield)
rPois  .         Spirit   .     c - +1 hat
rElec  .         Dismiss  .     b - +0 cloak
rCorr  .         Reflect  .     n - +0 pair of gloves
SustAt .         Harm     .     o - +0 pair of boots
MR     .....                    (no amulet)
Stlth  +.........               k - ring of see invisible
                                j - ring of protection from cold

@: corroded, not resistant to hostile enchantments, very unstealthy
A: retaliatory headbutt, horns 2
a: Heroism, Renounce Religion


You were on level 5 of the Dungeon.
You worshipped Okawaru.
Okawaru was aware of your devotion.
You were not hungry.

You visited 1 branch of the dungeon, and saw 5 of its levels.

You collected 335 gold pieces.

Inventory:

Hand Weapons
 a - a +1 long sword (weapon)
Armour
 b - a +0 cloak (worn)
 c - a +1 hat (worn)
 n - a +0 pair of gloves (worn)
 o - a +0 pair of boots (worn)
 t - a +0 ring mail (worn)
Jewellery
 e - a cursed ring of teleportation {unknown}
 j - a ring of protection from cold (left hand)
 k - a ring of see invisible (right hand)
 m - an uncursed ring of sustain attributes
Wands
 x - a wand of paralysis (8/24)
Scrolls
 g - 2 scrolls of fog
 l - 4 scrolls of teleportation
 q - a scroll of noise
 r - 3 scrolls of blinking {unknown}
 u - 3 scrolls of remove curse
Potions
 h - a potion of flight
 p - a potion of heal wounds
 s - 3 potions of curing
 v - a potion of magic {unknown}
 w - 2 potions of cancellation {unknown}
Comestibles
 f - 4 bread rations
 i - a slice of pizza
 z - a chunk of flesh


   Skills:
 + Level 7.1 Fighting
 + Level 7.7 Long Blades
 - Level 2.0 Throwing
 - Level 3.2 Dodging
 - Level 1.5 Invocations


You had 6 spell levels left.
You didn't know any spells.

Dungeon Overview and Level Annotations

Branches:
Dungeon (5/15)             Temple (0/1) D:4

Altars:
Ashenzari
Cheibriados
Nemelex Xobeh
Okawaru
Ru

Annotations:
D:5 Pikel


Innate Abilities, Weirdness & Mutations

You reflexively headbutt those who attack you in melee.
You have a pair of horns on your head.


Message History

You barely miss Pikel. Pikel hits you with a whip of freezing.
The slave struggles against the net.
You hit Pikel. Your headbutt misses Pikel.
Pikel is lightly wounded.
Pikel hits you with a whip of freezing. Pikel freezes you.
The slave struggles against the net.
The net rips apart, and the slave comes free!
You slash Pikel! Your headbutt misses Pikel.
Pikel is moderately wounded.
Pikel zaps a wand.
The bolt of acid hits you!
* * * LOW HITPOINT WARNING * * *
The acid burns!
* * * LOW HITPOINT WARNING * * *
It is a wand of acid.
You hit Pikel but do no damage. Your headbutt misses Pikel.
Pikel is moderately wounded.
Pikel zaps a wand.
The bolt of acid hits you!
* * * LOW HITPOINT WARNING * * *
The acid corrodes you!
The acid burns!
You die...

.....##.....####.####..####.
........###...#.# #..###..
...##.....# ###...### #..#...#
..##......## ##....###....###
#..........# ##..........## #
........##.####....##....## #
.......##..##.....###....###.
##.......p##....## #..#....# #
##.(....pK@....# ##.###..##
#.#####^....p##....###..# ##..#
.#....##......##....)##..####..#
...............#...............#
...###..._........#...##.......#
#.. ###.......#####..###......#
.... ##..##...# ##..#.......#
#..##.p####..# ##.........#
#.....# #...# #.........#


You could see Pikel and 3 slaves.

Vanquished Creatures
  The ghost of Leafly the Skirmisher, an amateur DsFi (D:4)
  A slave (D:5)
  An ogre (D:4)
  2 hounds
  An orc wizard (D:5)
  An orc priest (D:5)
  2 giant frog skeletons (D:4)
  2 iguanas
  A worker ant (D:4)
  A howler monkey skeleton (D:4)
  2 adders (D:2)
  11 gnolls
  2 oozes
  An adder skeleton (D:4)
  2 worms
  4 dart slugs
  2 giant geckos
  9 orcs
  4 bats
  3 giant cockroaches
  12 goblins
  11 hobgoblins
  3 jackals (D:2)
  5 kobolds
  6 quokkas
  A ball python (D:4)
  2 giant newts
  A quokka skeleton (D:4)
  8 rats
102 creatures vanquished.

Notes
Turn   | Place    | Note
--------------------------------------------------------------
     0 | D:1      | Kloppie the Minotaur Gladiator began the quest for the Orb.
     0 | D:1      | Reached XP level 1. HP: 18/18 MP: 0/0
   113 | D:1      | Reached XP level 2. HP: 23/25 MP: 1/1
   386 | D:1      | Reached XP level 3. HP: 25/33 MP: 2/2
   961 | D:2      | Reached XP level 4. HP: 35/40 MP: 3/3
  1041 | D:2      | Reached skill level 5 in Long Blades
  1262 | D:2      | Found a snail-covered altar of Cheibriados.
  1266 | D:2      | Found a shattered altar of Ashenzari.
  1268 | D:2      | Found a sacrificial altar of Ru.
  1666 | D:3      | Found a faded altar to an unknown god.
  1853 | D:3      | Found an iron altar of Okawaru.
  1855 | D:3      | Reached XP level 5. HP: 47/47 MP: 4/4
  1944 | D:3      | Became a worshipper of Warmaster Okawaru
  2267 | D:4      | Reached skill level 5 in Fighting
  2438 | D:4      | Noticed an ogre
  2448 | D:4      | Killed an ogre
  2448 | D:4      | Reached XP level 6. HP: 57/57 MP: 5/5
  2615 | D:4      | Found a staircase to the Ecumenical Temple.
  2651 | D:4      | Reached * piety under Okawaru
  2826 | D:4      | Noticed Leafly's ghost (amateur DsFi)
  2842 | D:4      | Killed Leafly's ghost
  2842 | D:4      | Reached skill level 1 in Invocations
  2842 | D:4      | Reached XP level 7. HP: 35/64 MP: 5/7
  2976 | D:5      | Entered Level 5 of the Dungeon
  3407 | D:5      | Found a sparkling altar of Nemelex Xobeh.
  3423 | D:5      | Noticed Pikel
  3456 | D:5      | Splashed by Pikel's acid

Skill      XL: |  1  2  3  4  5  6  7 |
---------------+----------------------+-----
Fighting       | 3 4 5 6 7 |  7.1
Long Blades    | 4 5 6 7 |  7.7
Invocations    | 1 |  1.5
Throwing       | |  2.0
Dodging        | |  3.2

Action                   |  1- 3 |  4- 6 |  7- 9 || total
-------------------------+-------+-------+-------++-------
Melee: Long sword        |    59 |   129 |    31 ||   219
       Headbutt          |     8 |    29 |     3 ||    40
Throw: Throwing net      |     3 |     1 |     3 ||     7
Evoke: Wand              |       |     4 |       ||     4
  Use: Scroll            |       |    16 |       ||    16
       Potion            |       |       |     1 ||     1
 Stab: Paralysed         |       |     1 |       ||     1
  Eat: Chunk             |       |     6 |     2 ||     8
Armor: Leather armour    |    17 |     2 |       ||    19
       Ring mail         |       |    37 |    10 ||    47
Dodge: Dodged            |    32 |    94 |    22 ||   148
